 Dungeon Sprint DCSS version 0.29-a0-512-gf59ac788ac (webtiles) character file.

Game seed: 12768435809571068098

151 mhtbhm the Ruffian (level 5, -1/46 HPs)
             Began as a Troll Transmuter on May 30, 2022.
             Was an Initiate of Gozag.
             Killed from afar by an oklob sapling wizard (25 damage)
             ... with a splash of acid
             ... in the Dungeon (Sprint IV: "Fedhas' Mad Dash").
             The game lasted 00:01:22 (415 turns).

mhtbhm the Ruffian (Troll Transmuter)                Turns: 415, Time: 00:01:24

Health: -1/46      AC:  8    Str: 18    XL:     5   Next: 11%
Magic:  3/8        EV: 10    Int: 11    God:    Gozag
Gold:   23         SH:  0    Dex: 10    Spells: 7/10 levels left

rFire   . . .      SeeInvis .     - Unarmed
rCold   . . .      Faith    .   (no shield)
rNeg    . . .      Spirit   .   a - +0 robe
rPois   .          Reflect  .   (helmet currently unavailable)
rElec   .          Harm     .   (no cloak)
rCorr   .          Rampage  .   (gloves unavailable)
Will    .....      NoTele   +   (boots unavailable)
Stlth   +.........              j - amulet of invisibility {+Inv}
HPRegen 0.95/turn               i - +4 ring of protection
MPRegen 0.11/turn               (no ring)

@: appendages, wereblooded, very slightly contaminated, invisible
A: horns 2, talons 2, large, unfitting armour, claws 3, regeneration 1, shaggy
fur 1, tough skin 1
a: End Transformation, Renounce Religion, Evoke Invisibility, Potion Petition,
Call Merchant, Bribe Branch


You were in the Dungeon.
You worshipped Gozag.
Gozag was noncommittal.
You had temporarily grown beastly horns and talons.
You visited 1 branch You collected 23 gold pieces.

Inventory:

Missiles
 g - 3 poisoned darts (quivered)
Armour
 a - a +0 robe (worn)
Jewellery
 i - a +4 ring of protection (left claw)
 j - the amulet of invisibility (around neck) {+Inv}
   (You found it in the Dungeon)

   [amulet of nothing]

   +Inv:      It lets you turn invisible.
Scrolls
 h - a scroll of blinking
Potions
 b - a potion of lignification
 c - a potion of curing
 d - a potion of heal wounds
 e - a potion of haste
 f - 2 potions of magic


   Skills:
 + Level 0.8 Fighting
 + Level 3.4 Dodging
 + Level 7.7 Unarmed Combat
 + Level 3.1 Spellcasting
 + Level 3.4 Transmutations
 + Level 0.2 Evocations


You had 7 spell levels left.
You knew the following spells:

 Your Spells              Type           Power      Damage    Failure   Level
a - Beastly Appendage     Tmut           18%        N/A       6%          1
b - Wereblood             Tmut           9%         N/A       10%         2

Your spell library contained the following spells:

 Spells                   Type           Power      Damage    Failure   Level
 Spider Form              Tmut/Pois      5%         N/A       36%         3
 Ice Form                 Ice/Tmut       5%         N/A       77%         4


Dungeon Overview and Level Annotations

Branches:
Dungeon (1/1)

Altars:
Cheibriados
Dithmenos
Elyvilon
Gozag
Hepliaklqana
Kikubaaqudgha
Makhleb
Nemelex Xobeh
Okawaru
Qazlal
Ru
Sif Muna
Trog
Uskayaw
Vehumet
Wu Jian
Xom
Yredelemnul
Zin
The Shining One
Beogh
Jiyva
Lugonu

Annotations:
D exclusion: oklob sapling


Innate Abilities, Weirdness & Mutations

You have temporarily grown beastly horns and talons.
You are too large for most types of armour.
You have claws for hands.
Your natural rate of healing is unusually fast.
You are covered in fur. (AC +1)
You have tough skin. (AC +1)


Message History

Okay, then.
There is a hazy altar of Hepliaklqana here.
There is a viscous altar of Jiyva here.
You start resting.
Magic restored.
There is an ancient bone altar of Kikubaaqudgha here.
There is a corrupted altar of Lugonu here.
You fail to use your ability.
You fail to use your ability.
You fade into invisibility!
You are very lightly contaminated with residual magic.
You currently need 800 gold to open negotiations with a merchant.
Casting: Beastly Appendage (safe; 6% risk of failure)
Confirm with . or Enter, or press ? or * to list all spells.
You miscast Beastly Appendage.
Nothing appears to happen.
Casting: Beastly Appendage (safe; 6% risk of failure)
Confirm with . or Enter, or press ? or * to list all spells.
You grow a pair of large bovine horns.
Your feet morph into talons.
Unknown command.
Casting: Beastly Appendage (safe; 6% risk of failure)
Confirm with . or Enter, or press ? or * to list all spells.
Your blood is infused with primal strength.
Unknown command.
As you open the door, it creaks loudly!
An oklob sapling wizard comes into view.
Marking area around an oklob sapling wizard as unsafe for travelling.
Found 16 stones and 2 scrolls labelled CESTEO XASAIB.
There is an open door here.
Unknown command.
You scratch the oklob sapling wizard. You claw the oklob sapling wizard.
The oklob sapling wizard is severely damaged.
The oklob sapling wizard spits acid at you.
The splash of acid hits you!!
You scratch the oklob sapling wizard.
The oklob sapling wizard is severely damaged.
The oklob sapling wizard spits acid at you.
The splash of acid hits you!!
Ouch! That really hurt!
You die...
Your body crumbles into a pile of gold.

###################
.#.⌠._._._._.⌠.#.(+$
.'.._._._._._..'@P#$
$ $
.#..._._._._...#..#
$ $$
##.._._._._._..#.?#
$ #._._._._._.⌠.####
$############### $ $
$$ $


You could see an oklob sapling wizard (can't see you).

Vanquished Creatures
  A scorpion (D)
  2 oklob saplings (D)
  A river rat (D)
  A rat (D)
5 creatures vanquished.

Notes
Turn   | Place    | Note
-------+----------+-------------------------------------------
     0 | D        | mhtbhm the Troll Transmuter began the quest for the Orb.
     0 | D        | Reached XP level 1. HP: 18/18 MP: 1/1
     8 | D        | Reached skill level 4 in Unarmed Combat
     8 | D        | Reached XP level 2. HP: 26/26 MP: 0/3
   248 | D        | Learned a level 2 spell: Wereblood
   277 | D        | Noticed an oklob sapling
   278 | D        | Killed an oklob sapling
   279 | D        | Reached skill level 5 in Unarmed Combat
   279 | D        | Reached XP level 3. HP: 32/32 MP: 0/5
   279 | D        | Noticed a scorpion
   280 | D        | Found the amulet of invisibility {+Inv}
   281 | D        | Killed a scorpion
   282 | D        | Reached skill level 6 in Unarmed Combat
   282 | D        | Reached XP level 4. HP: 40/40 MP: 0/7
   347 | D        | Found an opulent altar of Gozag.
   347 | D        | Found a hazy altar of Hepliaklqana.
   347 | D        | Found a burning altar of Makhleb.
   347 | D        | Found a sparkling altar of Nemelex Xobeh.
   347 | D        | Found a snail-covered altar of Cheibriados.
   347 | D        | Found a sacrificial altar of Ru.
   347 | D        | Found a shimmering blue altar of Sif Muna.
   347 | D        | Found a shimmering altar of Xom.
   347 | D        | Found a basalt altar of Yredelemnul.
   348 | D        | Found a viscous altar of Jiyva.
   348 | D        | Found a bloodstained altar of Trog.
   348 | D        | Found an ornate altar of the Wu Jian Council.
   349 | D        | Found an iron altar of Okawaru.
   349 | D        | Found a shadowy altar of Dithmenos.
   349 | D        | Found a glowing silver altar of Zin.
   350 | D        | Found an ancient bone altar of Kikubaaqudgha.
   350 | D        | Found a hide-covered altar of Uskayaw.
   351 | D        | Found a stormy altar of Qazlal.
   351 | D        | Found a white marble altar of Elyvilon.
   351 | D        | Found a glowing golden altar of the Shining One.
   352 | D        | Found a corrupted altar of Lugonu.
   352 | D        | Found a radiant altar of Vehumet.
   357 | D        | Reached skill level 7 in Unarmed Combat
   357 | D        | Reached XP level 5. HP: 46/46 MP: 3/8
   384 | D        | Became a worshipper of Gozag Ym Sagoz the Greedy
   415 | D        | Killed from afar by an oklob sapling wizard

Illustrated notes

Levels and vault maps discovered:
D:        dungeon_sprint_fedhas [sprint_temple]

Skill      XL: |  1  2  3  4 |
---------------+-------------+-----
Unarmed Combat | 4 5 6 7 |  7.7
Transmutations | 2 3 |  3.4
Dodging        | 2 3 |  3.4
Spellcasting   | 2 3 |  3.1
Fighting       | |  0.8
Evocations     | |  0.2

Action                   |  1- 3 |  4- 6 || total
-------------------------+-------+-------++-------
Melee: Unarmed           |     5 |     4 ||     9
       Kick              |     1 |       ||     1
       Headbutt          |     1 |     1 ||     2
       Punch             |       |     1 ||     1
 Cast: Beastly Appendage |     2 |     2 ||     4
       Wereblood         |     1 |     2 ||     3
 Abil: Evoke Invisibilit |       |     2 ||     2
  Use: Potion            |     1 |       ||     1
Armor: Robe              |     1 |       ||     1
Dodge: Dodged            |     1 |       ||     1

Table legend: (Time is in decaauts)
 A = Elapsed time spent in this place.
 B = Non-inter-level travel time spent in this place.
 C = Inter-level travel time spent in this place.
 D = Time resting spent in this place.
 E = Time spent auto-exploring this place.
 F = Levels seen in this place.
 G = Mean time per level.
                   A        B        C        D        E       F      G
               +--------+--------+--------+--------+--------+-----+--------+
         Total |    420 |    420 |      0 |    297 |      3 |   1 |  420.0 |
       Dungeon |    420 |    420 |      0 |    297 |      3 |   1 |  420.0 |
               +--------+--------+--------+--------+--------+-----+--------+

Top non-repeatable levels by time:
       D: 420 daAuts
